SAA
ATHLETIC CLUB KC ACADEMY @ WESTWOOD SIXSHOOTERS
05/09/2031
 
TOP OF THE 1ST
Athletic Club KC Academy batting - Pitching for Westwood Sixshooters : RHP Jin Kwon
Pitching: RHP Jin Kwon
Batting: LHB Chi-hun Chong 0-0: Called Strike
0-1: SINGLE (Line Drive, 6MD)
Batting: RHB Colin Bottone 0-0: Ball
1-0: Called Strike
1-1: Fly out, F4 (Line Drive, 4M)
Batting: LHB Abdallah Rweikiza 0-0: Ball
1-0: Swinging Strike
1-1: Called Strike
1-2: Foul Ball, location: 2F
1-2: Grounds into double play, 4-6-3 (Groundball, 4)
Top of the 1st over - 0 runs, 1 hit, 0 errors, 0 left on base; Athletic Club KC Academy 0 - Westwood 0
BOTTOM OF THE 1ST
Westwood Sixshooters batting - Pitching for Athletic Club KC Academy : RHP Gabriel Reyes
Pitching: RHP Gabriel Reyes
Batting: RHB Simone Catalani 0-0: Foul Ball, location: 2F
0-1: Foul Ball, location: 2F
0-2: Strikes out swinging, 2-3 out at first.
Batting: SHB Júlio Morín Jr. 0-0: Called Strike
0-1: Swinging Strike
0-2: Ball
1-2: Hit by Pitch
Batting: RHB Richard Cutshall 0-0: Called Strike
0-1: DOUBLE (Flyball, 89D)
Júlio Morín Jr. to third
Runner from 3rd tries for Home, SAFE, throw made at trailing runner, OUT at third!
Batting: RHB Jesús Ruano 0-0: Foul Ball, location: 2F
0-1: Called Strike
0-2: Ball
1-2: Foul Ball, location: 2F
1-2: Fly out, F8 (Flyball, 8RS)
Bottom of the 1st over - 1 run, 1 hit, 0 errors, 0 left on base; Athletic Club KC Academy 0 - Westwood 1
TOP OF THE 2ND
Athletic Club KC Academy batting - Pitching for Westwood Sixshooters : RHP Jin Kwon
Batting: LHB Kwang-chih Feng 0-0: Ball
1-0: DOUBLE (Line Drive, 8RXD)
Batting: RHB Arturo Annunziato 0-0: Ground out 5-3 (Groundball, 56)
Batting: LHB Takayuki Yoshikawa 0-0: Swinging Strike
0-1: Fly out, F9 (Flyball, 89D)
Runner from 2nd tags up, OUT at 3rd
Top of the 2nd over - 0 runs, 1 hit, 0 errors, 0 left on base; Athletic Club KC Academy 0 - Westwood 1
BOTTOM OF THE 2ND
Westwood Sixshooters batting - Pitching for Athletic Club KC Academy : RHP Gabriel Reyes
Batting: SHB Ramón García 0-0: Ball
1-0: Ball
2-0: Swinging Strike
2-1: Ball
3-1: Base on Balls
Batting: RHB Javier Valdés 0-0: Foul Ball, location: 2F
0-1: Foul Ball, location: 2F
0-2: Foul Ball, location: 2F
0-2: Ground out 5-3 (Groundball, 56S)
Ramón García to second
Batting: RHB Nelson Abbey 0-0: Foul Ball, location: 2F
0-1: Ball
1-1: DOUBLE (Line Drive, 89D)
Ramón García scores
Batting: LHB António Quintero 0-0: Called Strike
Nelson Abbey steals 3rd base
0-1: Foul Ball, location: 2F
0-2: Ball
1-2: SINGLE (Groundball, 4) (infield hit)
Nelson Abbey scores
Batting: RHB Nick Hoskins 0-0: Ball
1-0: Called Strike
1-1: Ball
2-1: Ball
3-1: Foul Ball, location: 2F
3-2: Base on Balls
António Quintero to second
Batting: RHB Simone Catalani 0-0: Called Strike
António Quintero steals 3rd base
0-1: Fly out, F3 (Popup, 3SF)
Batting: SHB Júlio Morín Jr. 0-0: Ball
1-0: Foul Ball, location: 2F
1-1: Foul Ball, location: 2F
1-2: SINGLE (Line Drive, 4M)
António Quintero scores
Nick Hoskins to second
Runner from 2nd tries for 3rd, SAFE, no throw
Batting: RHB Richard Cutshall 0-0: Ball
1-0: Ground out 4-3 (Groundball, 4)
Bottom of the 2nd over - 3 runs, 3 hits, 0 errors, 2 left on base; Athletic Club KC Academy 0 - Westwood 4
TOP OF THE 3RD
Athletic Club KC Academy batting - Pitching for Westwood Sixshooters : RHP Jin Kwon
Batting: RHB Cristóbal Covarrubiois 0-0: Called Strike
0-1: Swinging Strike
0-2: Strikes out looking
Batting: RHB Troy Whitehurst 0-0: Called Strike
0-1: DOUBLE (Line Drive, 78D)
Batting: RHB Chee-hwa Tze 0-0: Called Strike
0-1: Foul Ball, location: 2F
0-2: Ball
1-2: Foul Ball, location: 2F
1-2: Ground out 6-3 (Groundball, 6)
Batting: LHB Chi-hun Chong 0-0: Ball
1-0: Called Strike
1-1: Ball
2-1: Foul Ball, location: 2F
2-2: Ground out U3 (Groundball, 3)
Top of the 3rd over - 0 runs, 1 hit, 0 errors, 1 left on base; Athletic Club KC Academy 0 - Westwood 4
BOTTOM OF THE 3RD
Westwood Sixshooters batting - Pitching for Athletic Club KC Academy : RHP Gabriel Reyes
Batting: RHB Jesús Ruano 0-0: SINGLE (Line Drive, 8LS)
Batting: SHB Ramón García 0-0: Ball
1-0: Ball
2-0: Fly out, F8 (Flyball, 8LS)
Batting: RHB Javier Valdés 0-0: Ball
1-0: Foul Ball, location: 2F
1-1: Swinging Strike
1-2: Ball
2-2: Fly out, F9 (Flyball, 9LM)
Batting: RHB Nelson Abbey 0-0: Fly out, F7 (Flyball, 7LS)
Bottom of the 3rd over - 0 runs, 1 hit, 0 errors, 1 left on base; Athletic Club KC Academy 0 - Westwood 4
TOP OF THE 4TH
Athletic Club KC Academy batting - Pitching for Westwood Sixshooters : RHP Jin Kwon
Batting: RHB Colin Bottone 0-0: Ball
1-0: Swinging Strike
1-1: Called Strike
1-2: Strikes out swinging
Batting: LHB Abdallah Rweikiza 0-0: Swinging Strike
0-1: Foul Ball, location: 2F
0-2: Ball
1-2: Ball
2-2: Strikes out looking
Batting: LHB Kwang-chih Feng 0-0: Ball
1-0: Foul Ball, location: 2F
1-1: Ground out 4-3 (Groundball, 4S)
Top of the 4th over - 0 runs, 0 hits, 0 errors, 0 left on base; Athletic Club KC Academy 0 - Westwood 4
BOTTOM OF THE 4TH
Westwood Sixshooters batting - Pitching for Athletic Club KC Academy : RHP Gabriel Reyes
Batting: LHB António Quintero 0-0: Ball
1-0: Fly out, F4 (Line Drive, 4)
Batting: RHB Nick Hoskins 0-0: SINGLE (Groundball, 34D)
Batting: RHB Simone Catalani 0-0: Ball
1-0: Swinging Strike
1-1: Swinging Strike
1-2: Foul Ball, location: 2F
1-2: SINGLE (Groundball, 56D)
Nick Hoskins to second
Batting: SHB Júlio Morín Jr. 0-0: Called Strike
0-1: Foul Ball, location: 2F
0-2: Ball
1-2: Ball
2-2: Foul Ball, location: 2F
2-2: Strikes out swinging
Batting: RHB Richard Cutshall 0-0: Ball
1-0: Fly out, F8 (Flyball, 8RD)
Bottom of the 4th over - 0 runs, 2 hits, 0 errors, 2 left on base; Athletic Club KC Academy 0 - Westwood 4
TOP OF THE 5TH
Athletic Club KC Academy batting - Pitching for Westwood Sixshooters : RHP Jin Kwon
Batting: RHB Arturo Annunziato 0-0: Foul Ball, location: 2F
0-1: Foul Ball, location: 2F
0-2: Ground out 6-3 (Groundball, 6D)
Batting: LHB Takayuki Yoshikawa 0-0: Called Strike
0-1: Ball
1-1: Called Strike
1-2: Ball
2-2: SINGLE (Line Drive, 9S)
Batting: RHB Cristóbal Covarrubiois 0-0: Ball
Takayuki Yoshikawa steals 2nd base
1-0: Foul Ball, location: 2F
1-1: Swinging Strike
1-2: Foul Ball, location: 2F
1-2: Foul Ball, location: 2F
1-2: Ball
2-2: Ball
3-2: Strikes out swinging
Batting: RHB Troy Whitehurst 0-0: Foul Ball, location: 2F
0-1: SINGLE (Line Drive, 6)
Takayuki Yoshikawa to third
Runner from 3rd tries for Home, SAFE, throw made home
Batting: RHB Chee-hwa Tze 0-0: Ground out 4-3 (Groundball, 4)
Top of the 5th over - 1 run, 2 hits, 0 errors, 1 left on base; Athletic Club KC Academy 1 - Westwood 4
BOTTOM OF THE 5TH
Westwood Sixshooters batting - Pitching for Athletic Club KC Academy : RHP Gabriel Reyes
Batting: RHB Jesús Ruano 0-0: Ball
1-0: SINGLE (Flyball, 8RS)
Batting: SHB Ramón García 0-0: Foul Ball, location: 2F
0-1: Fly out, F5 (Line Drive, 5L)
Batting: RHB Javier Valdés 0-0: Foul Ball, location: 2F
0-1: Called Strike
0-2: Ball
1-2: Ball
Jesús Ruano steals 2nd base
2-2: Ground out 4-3 (Groundball, 4)
Jesús Ruano to third
Batting: RHB Nelson Abbey 0-0: Called Strike
0-1: SINGLE (Groundball, 6MD)
Jesús Ruano scores
Batting: LHB António Quintero 0-0: Ball
1-0: Called Strike
1-1: Foul Ball, location: 2F
1-2: Ball
2-2: Fly out, F8 (Flyball, 8LD)
Bottom of the 5th over - 1 run, 2 hits, 0 errors, 1 left on base; Athletic Club KC Academy 1 - Westwood 5
TOP OF THE 6TH
Athletic Club KC Academy batting - Pitching for Westwood Sixshooters : RHP Jin Kwon
Batting: LHB Chi-hun Chong 0-0: SINGLE (Groundball, 34S) (infield hit)
Batting: RHB Colin Bottone 0-0: Ball
1-0: Ball
2-0: SINGLE (Line Drive, 89S)
Chi-hun Chong to second
Batting: LHB Abdallah Rweikiza 0-0: Ball
1-0: Ball
2-0: Called Strike
2-1: DOUBLE (Line Drive, 9LS)
Chi-hun Chong scores
Colin Bottone to third
Batting: LHB Kwang-chih Feng 0-0: Called Strike
0-1: Foul Ball, location: 2F
0-2: Foul Ball, location: 2F
0-2: Ball
1-2: Ball
2-2: Strikes out swinging
Batting: RHB Arturo Annunziato 0-0: Ball
1-0: Ball
2-0: Ball
3-0: Base on Balls
Batting: LHB Takayuki Yoshikawa 0-0: Ball
1-0: SINGLE (Groundball, 6MD)
Colin Bottone scores
Abdallah Rweikiza to third
Arturo Annunziato to second
Batting: RHB Cristóbal Covarrubiois 0-0: Called Strike
0-1: Ball
1-1: Ball
2-1: Ball
3-1: Base on Balls
Abdallah Rweikiza scores
Arturo Annunziato to third
Takayuki Yoshikawa to second
Batting: RHB Troy Whitehurst 0-0: Ball
1-0: Ball
2-0: Ball
3-0: Base on Balls
Arturo Annunziato scores
Takayuki Yoshikawa to third
Cristóbal Covarrubiois to second
Pitching: RHP Pedro Ortíz
Batting: RHB Chee-hwa Tze 0-0: Foul Ball, location: 2F
0-1: Swinging Strike
0-2: Foul Ball, location: 2F
0-2: Ball
1-2: Strikes out looking
Batting: LHB Chi-hun Chong 0-0: Ball
1-0: Called Strike
1-1: Swinging Strike
1-2: Ball
2-2: Foul Ball, location: 2F
2-2: TRIPLE (Line Drive, 9D)
Takayuki Yoshikawa scores
Cristóbal Covarrubiois scores
Troy Whitehurst scores
Batting: RHB Colin Bottone 0-0: Ball
1-0: Ground out 6-3 (Groundball, 6S)
Top of the 6th over - 7 runs, 5 hits, 0 errors, 1 left on base; Athletic Club KC Academy 8 - Westwood 5
BOTTOM OF THE 6TH
Westwood Sixshooters batting - Pitching for Athletic Club KC Academy : RHP Gabriel Reyes
Batting: RHB Nick Hoskins 0-0: Ball
1-0: Ball
2-0: Ground out U3 (Groundball, 34)
Batting: RHB Simone Catalani 0-0: Foul Ball, location: 2F
0-1: Swinging Strike
0-2: SINGLE (Groundball, 56D)
Pitching: RHP Claudio Valenzuela
Batting: SHB Júlio Morín Jr. 0-0: Ball
1-0: Ball
2-0: Ball
3-0: Foul Ball, location: 2F
3-1: SINGLE (Line Drive, 89S)
Simone Catalani to second
Batting: RHB Richard Cutshall 0-0: Called Strike
0-1: Ball
1-1: Called Strike
1-2: Ball
2-2: Ball
3-2: Foul Ball, location: 2F
3-2: Base on Balls
Simone Catalani to third
Júlio Morín Jr. to second
Batting: RHB Jesús Ruano 0-0: Called Strike
0-1: Ball
1-1: Foul Ball, location: 2F
1-2: Ball
2-2: Ball
3-2: Foul Ball, location: 2F
3-2: Base on Balls
Simone Catalani scores
Júlio Morín Jr. to third
Richard Cutshall to second
Batting: SHB Ramón García 0-0: Ball
1-0: Foul Ball, location: 2F
1-1: Ball
2-1: Swinging Strike
2-2: Ball
3-2: Base on Balls
Júlio Morín Jr. scores
Richard Cutshall to third
Jesús Ruano to second
Batting: RHB Javier Valdés 0-0: Foul Ball, location: 2F
0-1: Ball
1-1: Swinging Strike
1-2: Strikes out swinging
Batting: RHB Nelson Abbey 0-0: Ball
1-0: Called Strike
1-1: Ball
2-1: Foul Ball, location: 2F
2-2: DOUBLE (Line Drive, 8LD)
Richard Cutshall scores
Jesús Ruano scores
Ramón García to third
Runner from 3rd tries for Home, SAFE, no throw
Pitching: LHP Jeffrey Fluker
Batting: LHB António Quintero 0-0: Ball
1-0: Ball
2-0: SINGLE (Line Drive, 34D)
Nelson Abbey to third
Runner from 3rd tries for Home, SAFE, no throw
Batting: RHB Nick Hoskins 0-0: Foul Ball, location: 2F
0-1: Hit by Pitch
António Quintero to second
Batting: RHB Simone Catalani 0-0: Fly out, F8 (Flyball, 8RD)
Bottom of the 6th over - 6 runs, 4 hits, 0 errors, 2 left on base; Athletic Club KC Academy 8 - Westwood 11
TOP OF THE 7TH
Athletic Club KC Academy batting - Pitching for Westwood Sixshooters : RHP Pedro Ortíz
Batting: LHB Abdallah Rweikiza 0-0: Ground out U3 (Groundball, 3)
Batting: LHB Kwang-chih Feng 0-0: Foul Ball, location: 2F
0-1: DOUBLE (Line Drive, 8LD)
Batting: RHB Arturo Annunziato 0-0: Ball
1-0: SINGLE (Flyball, 9LM)
Kwang-chih Feng to third
Runner from 3rd tries for Home, SAFE, no throw
Batting: LHB Takayuki Yoshikawa 0-0: Ball
Wild Pitch!
Arturo Annunziato to second
1-0: Called Strike
1-1: Ball
2-1: Ball
3-1: Base on Balls
Batting: RHB Cristóbal Covarrubiois 0-0: Foul Ball, location: 2F
0-1: Called Strike
0-2: Strikes out looking
Batting: RHB Troy Whitehurst 0-0: Ball
1-0: Foul Ball, location: 2F
1-1: Ball
2-1: Called Strike
2-2: Ball
3-2: SINGLE (Flyball, 78M)
Arturo Annunziato to third
Takayuki Yoshikawa to second
Arturo Annunziato scores
Takayuki Yoshikawa to third
Batting: RHB Chee-hwa Tze 0-0: Fly out, F9 (Flyball, 9S)
Top of the 7th over - 2 runs, 3 hits, 0 errors, 2 left on base; Athletic Club KC Academy 10 - Westwood 11
BOTTOM OF THE 7TH
Westwood Sixshooters batting - Pitching for Athletic Club KC Academy : LHP Jeffrey Fluker
Batting: SHB Júlio Morín Jr. 0-0: Reached on error, E6 (Groundball, 6)
Batting: RHB Richard Cutshall 0-0: Intentional Walk
Batting: RHB Jesús Ruano 0-0: Ball
1-0: Called Strike
1-1: Ball
2-1: Foul Ball, location: 2F
2-2: Ball
3-2: Foul Ball, location: 2F
3-2: Foul Ball, location: 2F
3-2: Base on Balls
Júlio Morín Jr. to third
Richard Cutshall to second
Batting: SHB Ramón García 0-0: Ball
1-0: Ball
2-0: Called Strike
2-1: Ball
3-1: SINGLE (Groundball, 56D)
Júlio Morín Jr. scores
Richard Cutshall to third
Jesús Ruano to second
Runner from 3rd tries for Home, SAFE, throw made home
Batting: RHB Javier Valdés 0-0: Called Strike
0-1: Foul Ball, location: 2F
0-2: Ball
1-2: Strikes out swinging
Batting: RHB Nelson Abbey 0-0: Swinging Strike
0-1: Called Strike
0-2: Ball
1-2: Ball
2-2: Ball
3-2: Foul Ball, location: 2F
3-2: Foul Ball, location: 2F
3-2: Base on Balls
Jesús Ruano to third
Ramón García to second
Pinch Hitting: RHB Eugene Parkinson 0-0: Ball
1-0: Ball
2-0: Foul Ball, location: 2F
2-1: Ball
3-1: Foul Ball, location: 2F
3-2: Foul Ball, location: 2F
3-2: Foul Ball, location: 2F
3-2: Grounds into fielders choice 4-2 (Groundball, 4M)
Ramón García to third
Nelson Abbey to second
Batting: RHB Nick Hoskins 0-0: Called Strike
0-1: DOUBLE (Line Drive, 7LM)
Ramón García scores
Nelson Abbey scores
Eugene Parkinson to third
Runner from 3rd tries for Home, SAFE, no throw
Batting: RHB Simone Catalani 0-0: Swinging Strike
0-1: SINGLE (Line Drive, 34D)
Nick Hoskins to third
Runner from 3rd tries for Home, throw and OUT!
Bottom of the 7th over - 5 runs, 3 hits, 1 error, 1 left on base; Athletic Club KC Academy 10 - Westwood 16
TOP OF THE 8TH
Athletic Club KC Academy batting - Pitching for Westwood Sixshooters : RHP Pedro Ortíz
Now in LF: Ramón Ramírez
Now in RF: Alberto Lastaneda
Batting: LHB Chi-hun Chong 0-0: Ground out 3-1 (Groundball, 34)
Batting: RHB Colin Bottone 0-0: Ball
1-0: Fly out, F9 (Line Drive, 9LM)
Batting: LHB Abdallah Rweikiza 0-0: Called Strike
0-1: Ball
1-1: Foul Ball, location: 2F
1-2: SINGLE (Line Drive, 78M)
Batting: LHB Kwang-chih Feng 0-0: Ball
1-0: Called Strike
1-1: Foul Ball, location: 2F
1-2: Ball
2-2: Foul Ball, location: 2F
2-2: Foul Ball, location: 2F
2-2: Ball
3-2: Fly out, F7 (Line Drive, 78D)
Top of the 8th over - 0 runs, 1 hit, 0 errors, 1 left on base; Athletic Club KC Academy 10 - Westwood 16
BOTTOM OF THE 8TH
Westwood Sixshooters batting - Pitching for Athletic Club KC Academy : LHP Jeffrey Fluker
Batting: SHB Júlio Morín Jr. 0-0: Called Strike
0-1: Ball
1-1: Ball
2-1: Ball
3-1: Base on Balls
Batting: RHB Richard Cutshall 0-0: Called Strike
0-1: Foul Ball, location: 2F
0-2: Ball
1-2: Ball
2-2: Fielders Choice at 2nd, 1-6 (Groundball, P)
Batting: RHB Jesús Ruano 0-0: Ball
1-0: Swinging Strike
1-1: Foul Ball, location: 2F
1-2: Ball
Richard Cutshall steals 2nd base
2-2: Strikes out looking
Batting: SHB Ramón García 0-0: Ball
1-0: Foul Ball, location: 2F
1-1: Ball
2-1: SINGLE (Line Drive, 6MD)
Richard Cutshall to third
Runner from 3rd tries for Home, throw and OUT!
Bottom of the 8th over - 0 runs, 1 hit, 0 errors, 1 left on base; Athletic Club KC Academy 10 - Westwood 16
TOP OF THE 9TH
Athletic Club KC Academy batting - Pitching for Westwood Sixshooters : RHP Pedro Ortíz
Now at C: Lorenzo Díaz
Batting: RHB Arturo Annunziato 0-0: Ball
1-0: Fly out, F7 (Line Drive, 7)
Batting: LHB Takayuki Yoshikawa 0-0: Fly out, F6 (Popup, P)
Batting: RHB Cristóbal Covarrubiois 0-0: DOUBLE (Line Drive, 89S)
Batting: RHB Troy Whitehurst 0-0: Called Strike
0-1: Ball
1-1: Ball
2-1: Ball
3-1: Called Strike
3-2: Fly out, F6 (Popup, 6MD)
Top of the 9th over - 0 runs, 1 hit, 0 errors, 1 left on base; Athletic Club KC Academy 10 - Westwood 16
Tuesday, June 12th, 2018 - OOTP Baseball 18.8 Build 76